 Dungeon Crawl Stone Soup version 0.30-a0-800-g7c544603b3 (webtiles) character file.

Game seed: 9391287402095098716

71 Aneyh the Trooper (level 4, -6/31 HPs)
             Began as a Tengu Monk on Feb 22, 2023.
             Mangled by Ijyb
             ... wielding a +7 dagger of speed
              (10 damage)
             ... on level 3 of the Dungeon.
             The game lasted 00:01:48 (1233 turns).

Aneyh the Trooper (Tengu Monk)                      Turns: 1233, Time: 00:01:48

Health: -6/31      AC:  2    Str: 13    XL:     4   Next: 24%
Magic:  5/5        EV: 13    Int: 11    God:
Gold:   59         SH:  0    Dex: 16    Spells: 0/3 levels left

rFire   . . .      SeeInvis .    a - +0 spear
rCold   . . .      Faith    .    (no shield)
rNeg    . . .      Spirit   .    b - +0 robe
rPois   .          Reflect  .    (helmet restricted)
rElec   .          Harm     .    (no cloak)
rCorr   .          Rampage  .    (no gloves)
Will    .....                    (boots unavailable)
Stlth   ++                       (no amulet)
HPRegen 0.25/turn                (no ring)
MPRegen 0.09/turn                (no ring)

@: no status effects
A: beak, talons 3
a: no special abilities


You were on level 3 of the Dungeon.
You visited 1 branch of the dungeon, and saw 3 of its levels.

You collected 59 gold pieces.

Inventory:

Hand Weapons
 a - a +0 spear (weapon)
Armour
 b - a +0 robe (worn)
Jewellery
 e - a ring of see invisible
Scrolls
 f - 2 scrolls of vulnerability {unknown}
 g - a scroll of poison {unknown}
 i - a scroll of noise {unknown}
 l - a scroll of fear {unknown}
 m - a scroll of enchant armour {unknown}
 n - a scroll of blinking {unknown}
 o - 2 scrolls of teleportation {unknown}
 p - a scroll of identify {unknown}
 q - a scroll of amnesia {unknown}
Potions
 d - 3 potions of curing {unknown}
 h - a potion of heal wounds {unknown}
 j - a potion of haste {unknown}
 k - a potion of might {unknown}


   Skills:
 + Level 5.0 Fighting
 - Level 3.2 Polearms
 - Level 3.2 Dodging
 - Level 2.0 Stealth


You couldn't memorise any spells.
You knew the following spells:

 Your Spells              Type           Power      Damage    Failure   Level
a - Call Canine Familiar  Summ           0%         N/A       71%         3

Your spell library contained the following spells:

 Spells                   Type           Power      Damage    Failure   Level
 Slow                     Hex            0%         N/A       34%         1
 Confusing Touch          Hex            0%         N/A       71%         3
 Gell's Gravitas          Tloc           0%         N/A       71%         3
 Portal Projectile        Hex/Tloc       0%         N/A       71%         3
 Teleport Other           Tloc           0%         N/A       71%         3
 Vampiric Draining        Necr           0%         2d6       71%         3
 Leda's Liquefaction      Hex/Erth       0%         N/A       98%         4
 Freezing Cloud           Conj/Ice/Air   0%         6-21      100%        5
 Dispersal                Tloc           0%         N/A       100%        6
 Simulacrum               Ice/Necr       0%         N/A       100%        6
 Polar Vortex             Ice            0%         N/A       100%        9


Dungeon Overview and Level Annotations

Branches:
Dungeon (3/15)

Altars:

Shops:
D:1 *

Annotations:
D:3 Ijyb


Innate Abilities, Weirdness & Mutations

You have a beak for a mouth.
You have claws for feet.


Message History

Ijyb is heavily wounded.
Ijyb hits you with a +7 dagger of speed!
Ijyb barely misses you.
You hit Ijyb but do no damage. Your kick misses Ijyb.
Ijyb is heavily wounded.
Ijyb hits you with a +7 dagger of speed.
* * * LOW HITPOINT WARNING * * *
You are confused.
You feel invigorated.
Ijyb hits you with a +7 dagger of speed.
* * * LOW HITPOINT WARNING * * *
You barely miss Ijyb. Your kick misses Ijyb.
Ijyb is heavily wounded.
Ijyb barely misses you.
Ijyb hits you with a +7 dagger of speed.
* * * LOW HITPOINT WARNING * * *
You barely miss Ijyb. Your peck misses Ijyb.
Ijyb is heavily wounded.
Ijyb zaps a wand.
You resist with some effort.
You miss Ijyb. Your kick misses Ijyb.
Ijyb is heavily wounded.
You feel less invigorated.
You feel less confused.
Ijyb zaps a wand.
You resist with some effort.
You hit Ijyb but do no damage. You peck Ijyb.
Ijyb is severely wounded.
Ijyb hits you with a +7 dagger of speed.
* * * LOW HITPOINT WARNING * * *
You hit Ijyb.
Ijyb is severely wounded.
Ijyb hits you with a +7 dagger of speed.
* * * LOW HITPOINT WARNING * * *
You hit Ijyb but do no damage.
Ijyb is severely wounded.
Ijyb zaps a wand.
You resist with some effort.
You hit Ijyb. Your kick misses Ijyb.
Ijyb is severely wounded.
Ijyb completely misses you.
Ijyb hits you with a +7 dagger of speed!
You die...

.. #.⌠.#
>.###...##
..........
#........
#........
#.......#
.......g#
.......@###
..........#
#...###.<.#
#.⌠ #...# #
#####


You could see Ijyb.

Vanquished Creatures
  An adder (D:2)
  A worm (D:2)
  4 dart slugs
  4 ball pythons
  5 endoplasms
  3 goblins
  5 hobgoblins
  2 jackals (D:2)
  5 kobolds
  5 quokkas
  A bat (D:1)
  5 frilled lizards
  10 rats
51 creatures vanquished.

Notes
Turn   | Place    | Note
-------+----------+-------------------------------------------
     0 | D:1      | Aneyh the Tengu Monk began the quest for the Orb.
     0 | D:1      | Reached XP level 1. HP: 14/14 MP: 2/2
   108 | D:1      | Reached XP level 2. HP: 19/19 MP: 3/3
   109 | D:1      | Found Zynecuso's General Store.
   208 | D:1      | Reached skill level 4 in Fighting
   351 | D:1      | Reached XP level 3. HP: 24/24 MP: 4/4
   859 | D:2      | Reached XP level 4. HP: 30/30 MP: 5/5
   904 | D:2      | Learned a level 3 spell: Call Canine Familiar
  1090 | D:2      | Reached skill level 5 in Fighting
  1216 | D:3      | Noticed Ijyb
  1233 | D:3      | Mangled by Ijyb

Illustrated notes

Levels and vault maps discovered:
D:1:      erik_arrival_triangle_medium, layout_rooms, serial_shops, shop,
          minmay_pentomino_x2
D:2:      layout_rooms
D:3:      layout_loops_ring, nicolae_elevator_lobby_asterisk, uniq_jessica,
          uniq_ijyb, uniq_terence

Skill      XL: |  1  2  3  4 |
---------------+-------------+-----
Fighting       | 4 5 |  5.0
Polearms       | |  3.2
Dodging        | |  3.2
Stealth        | |  2.0

Action                     |  1- 3 |  4- 6 || total
---------------------------+-------+-------++-------
  Melee: Spear             |   108 |    37 ||   145
         Kick              |    19 |     5 ||    24
         Peck              |    13 |     5 ||    18
    Use: Potion            |       |     1 ||     1
   Stab: Sleeping          |     8 |     1 ||     9
         Distracted        |     1 |       ||     1
 Armour: Robe              |    14 |     1 ||    15
  Dodge: Dodged            |    46 |    11 ||    57

Table legend: (Time is in decaauts)
 A = Elapsed time spent in this place.
 B = Non-inter-level travel time spent in this place.
 C = Inter-level travel time spent in this place.
 D = Time resting spent in this place.
 E = Time spent auto-exploring this place.
 F = Levels seen in this place.
 G = Mean time per level.
                   A        B        C        D        E       F      G
               +--------+--------+--------+--------+--------+-----+--------+
         Total |   1224 |   1190 |     34 |     43 |    847 |   3 |  408.0 |
       Dungeon |   1224 |   1190 |     34 |     43 |    847 |   3 |  408.0 |
               +--------+--------+--------+--------+--------+-----+--------+

Top non-repeatable levels by time:
     D:1: 637 daAuts
     D:2: 570 daAuts
     D:3: 16 daAuts
